 Dungeon Crawl Stone Soup version 0.28.0 (webtiles) character file.

Game seed: 15682133362540384693

114 croobank the Poker (level 4, 0/34 HPs)
             Began as a Merfolk Warper on Feb 10, 2022.
             Slain by a white imp (1 damage)
             ... summoned by Natasha
             ... on level 2 of the Dungeon.
             The game lasted 00:09:56 (2747 turns).

croobank the Poker (Merfolk Warper)                 Turns: 2747, Time: 00:09:57

Health: 0/34       AC:  6    Str: 13    XL:     4   Next: 97%
Magic:  7/7        EV: 11    Int: 12    God:
Gold:   94         SH:  0    Dex: 13    Spells: 8/8 levels left

rFire   . . .      SeeInvis .   d - +3 whip
rCold   . . .      Faith    .   (no shield)
rNeg    + . .      Spirit   .   f - +1 ring mail
rPois   .          Reflect  .   (no helmet)
rElec   .          Harm     .   (no cloak)
rCorr   .          Rampage  .   (no gloves)
Will    .....                   (no boots)
Stlth   +.........              (no amulet)
HPRegen 0.11/turn               h - ring of positive energy
MPRegen 0.10/turn               (no ring)

@: slowed, very slow
A: (nimble swimmer 2), mertail
a: no special abilities


You were on level 2 of the Dungeon.
You visited 1 branch of the dungeon, and saw 2 of its levels.

You collected 94 gold pieces.

Inventory:

Hand Weapons
 a - a +0 spear
 c - a +0 trident
 d - a +3 whip (weapon)
Missiles
 e - a stone
 g - 5 poisoned darts (quivered)
 i - 22 bolts
 j - 15 sling bullets
Armour
 b - a +0 leather armour
 f - a +1 ring mail (worn)
Jewellery
 h - a ring of positive energy (left hand)
 l - an amulet of reflection
Scrolls
 m - a scroll of amnesia
Potions
 k - a potion of haste {unknown}


   Skills:
 + Level 2.9 Fighting
 + Level 3.9 Polearms
 + Level 1.6 Throwing
 + Level 1.3 Armour
 + Level 3.4 Dodging
 + Level 2.6 Spellcasting
 + Level 2.7 Translocations


You had 8 spell levels left.
You didn't know any spells.
Your spell library contained the following spells:

 Spells                   Type           Power      Damage    Failure   Level
 Blink                    Tloc           16%        N/A       26%         2
 Gell's Gravitas          Tloc           8%         N/A       45%         3
 Lesser Beckoning         Tloc           8%         N/A       45%         3
 Teleport Other           Tloc           8%         N/A       45%         3
 Manifold Assault         Tloc           8%         N/A       99%         5


Dungeon Overview and Level Annotations

Branches:
Dungeon (2/15)

Altars:

Annotations:
D:2 Natasha


Innate Abilities, Weirdness & Mutations

((You are very nimble when in or above water. (Stealth+, EV+, Speed+++)))
Your lower body shifts to a powerful aquatic tail in water.


Message History

Natasha is moderately wounded.
Natasha claws you. Natasha casts a spell at you.
The magic dart hits you but does no damage.
The iron imp hits you but does no damage.
You miss Natasha.
Natasha is moderately wounded.
Natasha claws you.
The iron imp hits you but does no damage.
Natasha closely misses you. The iron imp hits you!
* * * LOW HITPOINT WARNING * * *
You hit Natasha.
Natasha is heavily wounded.
Natasha mumbles some strange words.
The iron imp misses you.
d - a +3 whip (weapon)
Natasha closely misses you.
You closely miss Natasha.
Natasha is heavily wounded.
Natasha barely misses you. The iron imp barely misses you.
Natasha mumbles some strange words.
The iron imp hits you!
* * * LOW HITPOINT WARNING * * *
You hit Natasha.
Natasha is severely wounded.
Natasha completely misses you.
The iron imp hits you but does no damage.
You closely miss Natasha.
Natasha is severely wounded.
Natasha claws you but does no damage. The iron imp closely misses you.
Natasha barely misses you.
The iron imp disappears in a puff of smoke!
Natasha stares at you and mumbles some strange words.
The magic dart hits you.
* * * LOW HITPOINT WARNING * * *
Natasha claws you but does no damage.
You hit Natasha.
Natasha is almost dead.
The white imp hits you.
You die...

#####......#####...#...........#
# ##...#.......#..############ #
###...#####...#.#.# #
##..#...##.##..## #
#..............# #
##............... #
##....5†.........
############..§h#.....###..
.>...)...# ###.5@#....# ..
########.# ##..##.#.#
#.######..####.#
#..............#
########.##.#### #.# #.# #.# #.#
#.# ## #.#######


You could see Natasha (empowered), a white imp (summoned) and a shadow imp
(summoned).

Vanquished Creatures
  Natasha (D:2)
  An adder (D:2)
  3 gnolls (D:2)
  2 ball pythons (D:1)
  4 endoplasms
  2 giant cockroaches (D:1)
  4 hobgoblins
  6 jackals (D:1)
  4 quokkas
  4 bats
  2 frilled lizards
  6 goblins
  4 kobolds
  4 rats
47 creatures vanquished.

Vanquished Creatures (others)
  7 plants (D:1)
7 creatures vanquished.

Grand Total: 54 creatures vanquished

Notes
Turn   | Place    | Note
-------+----------+-------------------------------------------
     0 | D:1      | croobank the Merfolk Warper began the quest for the Orb.
     0 | D:1      | Reached XP level 1. HP: 16/16 MP: 3/3
    94 | D:1      | Reached XP level 2. HP: 19/23 MP: 5/5
   571 | D:1      | Found a faded altar of an unknown god.
   688 | D:1      | Reached XP level 3. HP: 24/28 MP: 6/6
   694 | D:1      | Reached skill level 1 in Armour
  1260 | D:2      | Noticed Natasha
  1692 | D:2      | Reached XP level 4. HP: 11/34 MP: 7/7
  1928 | D:2      | Killed Natasha
  2731 | D:2      | Noticed Natasha
  2746 | D:2      | HP: 1/34 [Natasha/magic dart (2)]
  2747 | D:2      | Slain by a white imp

Illustrated notes

Levels and vault maps discovered:
D:1:      nicolae_arrival_somewhat_less_tricky_arrival, layout_rooms,
          hellmonk_ecumenical_altar_slurped_away, serial_bayou_pond_c,
          serial_park_tiny_1
D:2:      layout_loops_ring, minmay_misc_feat_tower, uniq_robin, uniq_natasha

Skill      XL: |  1  2  3 |
---------------+----------+-----
Armour         | 1 |  1.3
Dodging        | 3 |  3.4
Fighting       | |  2.9
Polearms       | |  3.9
Throwing       | |  1.6
Spellcasting   | |  2.6
Translocations | |  2.7

Action                   |  1- 3 |  4- 6 || total
-------------------------+-------+-------++-------
Melee: Spear             |   136 |       ||   136
       Trident           |    13 |    69 ||    82
       Punch             |     2 |       ||     2
       Whip              |       |     4 ||     4
Throw: Boomerang         |     5 |       ||     5
       Dart              |     2 |       ||     2
  Use: Scroll            |     2 |     4 ||     6
       Potion            |     1 |     1 ||     2
Armor: Ring mail         |    54 |    32 ||    86
Dodge: Dodged            |    87 |    57 ||   144
